 Dungeon Crawl Stone Soup version 0.28.0-47-ge53b351184 (webtiles) character file.

Game seed: 13932134457873534440

22 GigaChad the Magician (level 3, -2/26 HPs)
             Began as a Djinni Conjurer on Apr 27, 2022.
             Was an Initiate of Ru.
             Slain by Terence
             ... wielding a +0 hand axe
              (6 damage)
             ... on level 2 of the Dungeon.
             The game lasted 00:03:50 (1294 turns).

GigaChad the Magician (Djinni Conjurer)             Turns: 1294, Time: 00:03:50

Health: -2/26      AC:  2    Str:  6    XL:     3   Next: 7%
Gold:   58         EV: 12    Int: 19    God:    Ru [......] SH:  0 Dex: 13

rFire   + + .      SeeInvis .   (no weapon)
rCold   x . .      Faith    .   (no shield)
rNeg    . . .      Spirit   .   a - +0 robe
rPois   ∞          Reflect  .   (no helmet)
rElec   .          Harm     .   (no cloak)
rCorr   .          Rampage  .   (no gloves)
Will    .....                   (boots unavailable)
Stlth   ..........              (no amulet)
HPRegen 0.08/turn               (no ring)
MPRegen 0.00/turn               (no ring)

@: flying
A: sickness immunity, fire resistance 2, cold vulnerability 1, no stealth,
float, innate caster, HP casting, extra vitality 1
a: Renounce Religion


You were on level 2 of the Dungeon.
You worshipped Ru.
Ru was noncommittal.
You visited 1 branch of the dungeon, and saw 2 of its levels.

You collected 58 gold pieces.

Inventory:

Armour
 a - a +0 robe (worn)
Scrolls
 f - a scroll of acquirement {unknown}
 g - a scroll of blinking {unknown}
Potions
 b - a potion of brilliance {unknown}
 c - a potion of heal wounds {unknown}
 d - a potion of magic {unknown}
 e - a potion of curing {unknown}


   Skills:
 + Level 0.4 Fighting
 + Level 2.1 Dodging
 + Level 3.8 Spellcasting


You couldn't memorise any spells.
You knew the following spells:

 Your Spells              Type           Power      Damage    Failure   Level
a - Magic Dart            Conj           72%        1d6       3%          1
b - Searing Ray           Conj           36%        2d5       4%          2
c - Dazzling Flash        Conj/Hex       36%        N/A       9%          3
d - Fulminant Prism       Conj/Hex       9%         3d7       28%         4
e - Iskenderun's Mystic   Conj/Tloc      18%        2d6       28%         4
f - Freeze                Ice            72%        1d9       3%          1
Your spell library was empty.

Dungeon Overview and Level Annotations

Branches:
Dungeon (2/15)

Altars:
Ru

Shops:
D:1 =

Annotations:
D:2 Terence


Innate Abilities, Weirdness & Mutations

You are immune to sickness and miasma.
You are immune to poison.
Your flesh is very heat resistant. (rF++)
You are vulnerable to cold. (rC-)
You cannot be stealthy.
You float through the air rather than walking.
You learn spells naturally, not from books.
Your magical power is your life essence.
You have superior vitality. (+4 MHP)


Message History

The dart slug is heavily wounded.
The magic dart hits the dart slug.
You kill the dart slug!
You have reached level 3!
Your experience leads to an increase in your attributes!
Increase (S)trength, (I)ntelligence, or (D)exterity?
You feel agile. x2
The power to cast Freeze wells up from within.
Spell assigned to 'f'.
You start resting.
HP restored.
Found an escape hatch in the floor.
Terence the Incautious comes into view.
He is wielding a +0 hand axe.
Terence shouts!
Terence moves out of view.
Found a stone staircase leading up.
Terence closely misses you.
There is an escape hatch in the floor here.
Terence hits you with a +0 hand axe.
The magic dart hits Terence.
Terence is lightly wounded.
Terence hits you with a +0 hand axe.
The magic dart hits Terence.
Terence is moderately wounded.
Terence closely misses you.
The magic dart hits Terence but does no damage.
Terence is moderately wounded.
Terence hits you with a +0 hand axe.
The magic dart hits Terence but does no damage.
Terence is lightly wounded.
Terence hits you with a +0 hand axe!
* * * LOW HITPOINT WARNING * * *
You are too injured to fight recklessly!
You are too injured to fight recklessly!
You are too injured to fight recklessly!
You are too injured to fight recklessly!
You are too injured to fight recklessly!
You closely miss Terence.
Terence is lightly wounded.
Terence hits you with a +0 hand axe.
You die...

# #.# # #.# #
#####.######.
#
#............
#
#.###.#######
# #.# #.# #
#.# #.#
####>###.#
#..@@.<#.#
#......#.#
#......#.#
##########


You could see Terence.

Vanquished Creatures
  A dart slug (D:2)
  2 ball pythons (D:1)
  2 bats (D:1)
  2 endoplasms (D:1)
  A giant cockroach (D:1)
  A hobgoblin (D:1)
  3 kobolds (D:1)
  2 frilled lizards (D:1)
  A goblin (D:1)
  4 rats (D:1)
  A spectral hobgoblin (D:1)
20 creatures vanquished.

Vanquished Creatures (others)
  2 plants (D:1)
2 creatures vanquished.

Grand Total: 22 creatures vanquished

Notes
Turn   | Place    | Note
-------+----------+-------------------------------------------
     0 | D:1      | GigaChad the Djinni Conjurer began the quest for the Orb.
     0 | D:1      | Reached XP level 1. HP: 15/15 MP: 0/0
    28 | D:1      | Found Eguhijea's Jewellery Shoppe.
   349 | D:1      | Reached XP level 2. HP: 20/21 MP: 0/0
   646 | D:1      | Found a faded altar of an unknown god.
   658 | D:1      | Prayed at the altar of an unknown god.
   658 | D:1      | Became a worshipper of Ru the Awakened
   668 | D:1      | Gained mutation: You cannot be stealthy. [Ru sacrifice]
  1217 | D:2      | Reached XP level 3. HP: 21/26 MP: 0/0
  1217 | D:2      | Learned a level 1 spell: Freeze
  1286 | D:2      | Noticed Terence
  1294 | D:2      | Slain by Terence

Illustrated notes

Levels and vault maps discovered:
D:1:      eino_arrival_druids_welcome, layout_basic,
          dreamdust_ecumenical_altar_drowned_temple, serial_shops, shop,
          chequers_serial_rivers_room_b
D:2:      layout_basic, grunt_decor_junction, uniq_sigmund,
          uniq_crazy_yiuf_cottage, uniq_terence

Skill      XL: |  1  2 |
---------------+-------+-----
Stealth        | 0 |  0.0
Fighting       | |  0.4
Dodging        | |  2.1
Spellcasting   | |  3.8

Action                   || total
-------------------------++-------
Melee: Unarmed           ||    16
 Cast: Magic Dart        ||    39
Invok: Sacrifice Stealth ||     1
Dodge: Dodged            ||     8
